 Dungeon Crawl Stone Soup version 0.31-a0-358-gac0dbeb3ab (console) character file.

Game seed: 675873253049730382

1662 jejorda2 the Ruffian (level 9, -4/73 HPs)
             Began as a Gnoll Berserker on July 25, 2023.
             Was a Priest of Trog.
             Slain by Palms's ghost (6 damage)
             ... on level 6 of the Dungeon.
             The game lasted 00:07:37 (3874 turns).

jejorda2 the Ruffian (Gnoll Berserker)              Turns: 3874, Time: 00:07:40

Health: -4/73      AC: 12    Str: 20    XL:     9   Next: 0%
Magic:  12/14      EV: 10    Int:  7    God:    Trog [***...]
Gold:   218        SH:  0    Dex: 12    Spells: 15/15 levels left

rFire   . .          .
                       - Unarmed
rCold   . . .        (no shield)
rNeg    . . .        f - +0 chain mail
rPois   .            o - +1 helmet
rElec   .            (no cloak)
rCorr   .            (no gloves)
SInv    .            (no boots)
Will    .....        (no amulet) Stlth
                     (no ring)
HPRegen 0.32/turn    (no ring)
MPRegen 0.14/turn

%: no passive effects
@: mighty, on berserk cooldown, slowed, very slow
A: fangs 1, strong nose, distributed training
a: Renounce Religion, Berserk, Trog's Hand


You were on level 6 of the Dungeon.
You worshipped Trog.
Trog was most pleased with you.
You visited 1 branch of the dungeon, and saw 6 of its levels.

You collected 218 gold pieces.

Inventory:

Missiles
 d - 6 curare-tipped darts
Armour
 f - a +0 chain mail (worn)
 o - a +1 helmet (worn)
Jewellery
 i - a ring of ice
Wands
 k - a wand of light (10)
Scrolls
 b - 9 scrolls of identify {unknown}
 c - 3 scrolls of teleportation {unknown}
 g - a scroll of revelation {unknown}
 j - a scroll of enchant armour {unknown}
 m - a scroll of poison {unknown}
 p - a scroll of noise {unknown}
 s - 3 scrolls of butterflies {unknown}
 t - a scroll of immolation {unknown}
 u - a scroll of blinking {unknown}
Potions
 a - 4 potions of curing {unknown}
 e - a potion of degeneration {unknown}
 h - 2 potions of mutation {unknown}
 l - a potion of heal wounds {unknown}
 n - a potion of haste {unknown}
 q - a potion of cancellation {unknown}
 r - a potion of enlightenment {unknown}


   Skills:
 + Level 7.6 Fighting
 + Level 3.8 Short Blades
 + Level 3.8 Long Blades
 + Level 3.8 Axes
 + Level 3.8 Maces & Flails
 + Level 3.8 Polearms
 + Level 3.8 Staves
 + Level 3.8 Ranged Weapons
 + Level 3.8 Throwing
 + Level 6.0 Armour
 + Level 6.0 Dodging
 + Level 3.8 Stealth
 + Level 3.8 Shields
 + Level 7.6 Unarmed Combat
 + Level 3.8 Spellcasting
 + Level 3.1 Conjurations
 + Level 3.1 Hexes
 + Level 3.1 Summonings
 + Level 3.1 Necromancy
 + Level 3.1 Translocations
 + Level 3.1 Transmutations
 + Level 3.1 Fire Magic
 + Level 3.1 Ice Magic
 + Level 3.1 Air Magic
 + Level 3.1 Earth Magic
 + Level 3.1 Poison Magic
 + Level 4.2 Invocations
 + Level 3.8 Evocations
 + Level 3.1 Shapeshifting


You had 15 spell levels left.
You didn't know any spells.
Your spell library was empty.

Dungeon Overview and Level Annotations

Branches:
Dungeon (6/15)
 Temple: D:4-7

Altars:
Dithmenos
Xom
Yredelemnul

Annotations:
D:6 Palms's ghost, novice TrSh


Innate Abilities, Weirdness & Mutations

You have very sharp teeth.
Your uncanny sense of smell can sniff out nearby items.
Your experience applies equally to all skills.


Message History

You punch Palms's ghost! You bite Palms's ghost.
Palms's ghost is moderately damaged.
Palms's ghost barely misses you.
You barely miss Palms's ghost.
Palms's ghost is moderately damaged.
Palms's ghost hits you.
* * * LOW HITPOINT WARNING * * *
Palms's ghost freezes you.
* * * LOW HITPOINT WARNING * * *
You punch Palms's ghost! Your bite misses Palms's ghost.
Palms's ghost is heavily damaged.
You barely miss Palms's ghost. You bite Palms's ghost.
Palms's ghost is heavily damaged.
Palms's ghost closely misses you.
You punch Palms's ghost!
Palms's ghost is severely damaged.
You hit Palms's ghost.
Palms's ghost is severely damaged.
Palms's ghost hits you.
* * * LOW HITPOINT WARNING * * *
Palms's ghost freezes you.
* * * LOW HITPOINT WARNING * * *
You hit Palms's ghost. You punch Palms's ghost! You bite Palms's ghost.
Palms's ghost is almost destroyed.
You punch Palms's ghost!
Palms's ghost is almost destroyed.
Palms's ghost hits you!
* * * LOW HITPOINT WARNING * * *
Palms's ghost freezes you.
* * * LOW HITPOINT WARNING * * *
You hit Palms's ghost.
Palms's ghost is almost destroyed.
You barely miss Palms's ghost.
Palms's ghost is almost destroyed.
You are no longer berserk.
You are exhausted.
You feel yourself slow down.
Palms's ghost wails.
Palms's ghost hits you.
You die...

.... .... . ####...
.. ###...... ∆..#
##.##...# ..
#._.#...#
#.#######'##...######
#...@W..............#
######......#.......#
###+##.###.......+
#......# #.......#
#....#.# #.......#
###....#.###.......#
..###...............
#.# #......####..###
#.# #.......###.##


You could see Palms's ghost.

Vanquished Creatures
  A dancing weapon (D:6)
  A human (D:3)
  An ice beast (D:6)
  A centaur (D:5)
  3 scorpions
  A howler monkey (D:4)
  3 hounds
  A human skeleton (D:3)
  A sleepcap (D:6)
  7 iguanas
  8 gnolls
  4 adders
  A shadow imp (D:4)
  An ufetubus (D:6)
  A worm (D:3)
  3 dart slugs
  10 orcs
  9 ball pythons
  6 endoplasms
  5 giant cockroaches
  5 goblins
  8 jackals (D:3)
  4 kobolds
  5 quokkas
  7 bats
  6 frilled lizards
  7 rats
110 creatures vanquished.

Notes
Turn   | Place    | Note
-------+----------+-------------------------------------------
     0 | D:1      | jejorda2 the Gnoll Berserker began the quest for the Orb.
     0 | D:1      | Reached XP level 1. HP: 23/23 MP: 1/1
   142 | D:1      | Reached XP level 2. HP: 28/29 MP: 2/2
   700 | D:2      | Reached XP level 3. HP: 35/35 MP: 2/4
   844 | D:2      | Reached ** piety under Trog
   913 | D:2      | Reached skill level 1 in Invocations
  1021 | D:2      | Reached skill level 1 in Short Blades
  1021 | D:2      | Reached skill level 1 in Long Blades
  1021 | D:2      | Reached skill level 1 in Axes
  1021 | D:2      | Reached skill level 1 in Maces & Flails
  1021 | D:2      | Reached skill level 1 in Polearms
  1021 | D:2      | Reached skill level 1 in Staves
  1021 | D:2      | Reached skill level 1 in Ranged Weapons
  1021 | D:2      | Reached skill level 1 in Throwing
  1021 | D:2      | Reached skill level 1 in Stealth
  1021 | D:2      | Reached skill level 1 in Shields
  1021 | D:2      | Reached skill level 1 in Spellcasting
  1021 | D:2      | Reached skill level 1 in Evocations
  1411 | D:3      | Reached XP level 4. HP: 39/41 MP: 5/5
  1517 | D:3      | Found a runed translucent door.
  1517 | D:3      | Noticed a human
  1536 | D:3      | Reached skill level 1 in Conjurations
  1536 | D:3      | Reached skill level 1 in Hexes
  1536 | D:3      | Reached skill level 1 in Summonings
  1536 | D:3      | Reached skill level 1 in Necromancy
  1536 | D:3      | Reached skill level 1 in Translocations
  1536 | D:3      | Reached skill level 1 in Transmutations
  1536 | D:3      | Reached skill level 1 in Fire Magic
  1536 | D:3      | Reached skill level 1 in Ice Magic
  1536 | D:3      | Reached skill level 1 in Air Magic
  1536 | D:3      | Reached skill level 1 in Earth Magic
  1536 | D:3      | Reached skill level 1 in Poison Magic
  1536 | D:3      | Reached skill level 1 in Shapeshifting
  1555 | D:3      | Found a basalt altar of Yredelemnul.
  1586 | D:3      | Killed a human
  1587 | D:3      | Reached XP level 5. HP: 47/47 MP: 5/7
  1587 | D:3      | Reached XP level 6. HP: 53/53 MP: 5/8
  1973 | D:3      | Reached skill level 5 in Armour
  1973 | D:3      | Reached skill level 5 in Dodging
  2334 | D:4      | Reached XP level 7. HP: 55/59 MP: 10/10
  2450 | D:4      | Reached *** piety under Trog
  2840 | D:5      | Entered Level 5 of the Dungeon
  2840 | D:5      | Found a shadowy altar of Dithmenos.
  3373 | D:5      | Reached XP level 8. HP: 67/67 MP: 12/12
  3840 | D:6      | Found a runed translucent door.
  3840 | D:6      | Found a shimmering altar of Xom.
  3840 | D:6      | Noticed Palms's ghost (novice TrSh)
  3841 | D:6      | Noticed a +0 falchion of chaos
  3862 | D:6      | Killed a +0 falchion of chaos
  3863 | D:6      | Reached XP level 9. HP: 29/73 MP: 12/14
  3872 | D:6      | HP: 2/109 [Palms's ghost (6)]
  3874 | D:6      | Slain by Palms's ghost

Illustrated notes

Levels and vault maps discovered:
D:1:      reono_arrival_forest_river, layout_basic, minmay_ruptured
D:2:      layout_basic, chequers_serial_rivers_small_a, minmay_misc_feat_x
D:3:      layout_rooms, dk_yredelemnul_ordeal, ebering_dispersal_statue_hall,
          grunt_decor_arrowhead, minmay_unequal
D:4:      layout_basic
D:5:      layout_basic, grunt_dithmenos_smoke,
          hangedman_abyss_or_decor_lesser_grid
D:6:      layout_basic, ebering_ghost_xom, uniq_eustachio

Skill      XL: |  1  2  3  4  5  6  7  8 |
---------------+-------------------------+-----
Invocations    | 1 2 3 4 |  4.2
Short Blades   | 1 2 3 |  3.8
Long Blades    | 1 2 3 |  3.8
Axes           | 1 2 3 |  3.8
Maces & Flails | 1 2 3 |  3.8
Polearms       | 1 2 3 |  3.8
Staves         | 1 2 3 |  3.8
Ranged Weapons | 1 2 3 |  3.8
Throwing       | 1 2 3 |  3.8
Stealth        | 1 2 3 |  3.8
Shields        | 1 2 3 |  3.8
Spellcasting   | 1 2 3 |  3.8
Evocations     | 1 2 3 |  3.8
Conjurations   | 1 2 3 |  3.1
Hexes          | 1 2 3 |  3.1
Summonings     | 1 2 3 |  3.1
Necromancy     | 1 2 3 |  3.1
Translocations | 1 2 3 |  3.1
Transmutations | 1 2 3 |  3.1
Fire Magic     | 1 2 3 |  3.1
Ice Magic      | 1 2 3 |  3.1
Air Magic      | 1 2 3 |  3.1
Earth Magic    | 1 2 3 |  3.1
Poison Magic   | 1 2 3 |  3.1
Shapeshifting  | 1 2 3 |  3.1
Armour         | 5 6 |  6.0
Dodging        | 5 6 |  6.0
Fighting       | 7 |  7.6
Unarmed Combat | 7 |  7.6

Action                     |  1- 3 |  4- 6 |  7- 9 || total
---------------------------+-------+-------+-------++-------
  Melee: Unarmed           |    90 |   119 |   174 ||   383
         Punch             |     5 |     8 |     1 ||    14
         Bite              |     6 |    12 |    20 ||    38
 Invoke: Berserk           |       |     2 |     3 ||     5
         Trog's Hand       |       |     1 |       ||     1
   Stab: Distracted        |       |     1 |       ||     1
 Armour: Animal skin       |     2 |       |       ||     2
         Chain mail        |    24 |    60 |    71 ||   155
         Leather armour    |     2 |       |       ||     2
  Dodge: Dodged            |    43 |    42 |    72 ||   157

Table legend: (Time is in decaauts)
 A = Elapsed time spent in this place.
 B = Non-inter-level travel time spent in this place.
 C = Inter-level travel time spent in this place.
 D = Time resting spent in this place.
 E = Time spent auto-exploring this place.
 F = Levels seen in this place.
 G = Mean time per level.
                   A        B        C        D        E       F      G
               +--------+--------+--------+--------+--------+-----+--------+
         Total |   3877 |   3779 |     98 |    195 |   2820 |   6 |  646.2 |
       Dungeon |   3877 |   3779 |     98 |    195 |   2820 |   6 |  646.2 |
               +--------+--------+--------+--------+--------+-----+--------+

Top non-repeatable levels by time:
     D:4: 862 daAuts
     D:5: 779 daAuts
     D:2: 707 daAuts
     D:1: 668 daAuts
     D:3: 594 daAuts
     D:6: 264 daAuts
